[Event "Gashimov Memorial-B 1st"]
[Site "Shamkir"]
[Date "2014.04.21"]
[Round "2"]
[White "Wojtaszek, Radoslaw"]
[Black "Eljanov, Pavel"]
[Result "0-1"]
[ECO "D15"]
[WhiteElo "2716"]
[BlackElo "2732"]
[Annotator "Sagar Shah"]
[PlyCount "117"]
[EventDate "2014.03.21"]
[EventType "tourn"]
[EventRounds "9"]
[EventCountry "AZE"]
[EventCategory "17"]
[SourceTitle "CBM 160"]
[Source "ChessBase"]
[SourceDate "2014.05.15"]
[SourceVersion "1"]
[SourceVersionDate "2014.05.15"]
[SourceQuality "1"]
[TimeControl "40/7200:20/3600:900+30"]
[WhiteClock "0:59:26"]
[BlackClock "0:56:56"]

1. d4 d5 2. c4 c6 3. Nf3 Nf6 4. Nc3 a6 5. c5 Bf5 6. Qb3 Ra7 {[%emt 0:11:40] This funny looking move is one of the points
behind playing a6. The rook, which is defending the b7 pawn, is out of the
game for the time being. But it's a sacrifice that the rook is ready to make,
so as to keep the black queen active.'} (6... Qc8 {is the other normal move in
this position.'} 7. Bf4 Nbd7 8. h3 e6 9. e3 Be7 10. Nh4 Be4 11. Be2 h6 12. Nf3
Bh7 13. O-O O-O 14. Na4 Bd8 15. Ne5 Bc7 16. Rac1 Rb8 17. Nb6 Qd8 18. Bxa6 Nxe5
19. dxe5 Ne4 20. Bd3 Nxc5 21. Bxh7+ Kxh7 22. Qc2+ Kg8 23. Nxd5 Qxd5 24. Qxc5
Qxa2 25. b4 Qd5 26. Qxd5 exd5 27. b5 Rfe8 28. bxc6 bxc6 29. Rxc6 Bxe5 30. Bxe5
Rxe5 31. Rd6 Kf8 32. Rd1 Rb5 33. Rd7 Ke8 34. Ra7 Rb8 35. Ra5 Rd8 36. Rd4 {
Nakamura,H (2760)-Kamsky,G (2762) Beijing 2012 1-0 (70)}) 7. Bf4 Nbd7 8. h3 e6 9. e3 Be7 10. Be2 O-O 11. O-O {[%emt 0:00:27] Black needs to exchange a few pieces in order to
breathe. So Ne4 is a logical move here, but before that Eljanov puts his rook
on e8 so that later he can break with e6-e5.'} Re8 12. Na4
$146 (12. Rfc1 Bf8 13. Qa4 Ne4 14. b4 Ra8 15. Qd1 Nxc3 16.
Rxc3 Be4 17. Nd2 Bg6 18. Nb3 e5 19. Bg3 exd4 20. exd4 Nf6 21. Bf3 Ne4 22. Bxe4
Rxe4 23. Qd2 Qd7 24. f3 Re6 25. Re1 Rxe1+ 26. Qxe1 Be7 27. Re3 Bg5 28. f4 Bf6
29. Bh4 Bxh4 30. Qxh4 Be4 31. Qg4 f5 32. Qg5 Rf8 33. Qg3 Rf6 34. Qf2 Qf7 35.
Kh2 Qh5 36. Re2 Rg6 37. Qe3 Rh6 38. Na5 Qf7 39. Rf2 Qc7 40. Kg1 Rg6 41. Nb3 Qd8
{Jemai,A (2171)-Taeib,S (2070) Borj Cedria 2014 1-0}) 12... Ne4 13. Rac1 Bf6 {[%emt 0:12:42][%cal Ge6e5] e5 is on cards now.
'} 14. Nb6 (14. Ne5 Bxe5 15. dxe5 Nd2 $17) 14... e5 $1 {
[%emt 0:18:05] Black seems to have successfully solved his opening problems.'}
15. Nxd7 $6 (15. Bxe5 Nxe5 16. dxe5 Bxe5 17. Nxe5 Rxe5 18. Qd1
{and now Black has the strong move:} Bxh3 $1 19. gxh3 Qh4 $1 {and the attack
on the white king is really very strong.} 20. Bg4 Rg5 $40) 15... exf4 16. Nxf6+ Nxf6 17. Ne5 fxe3 18. Qxe3 (18. fxe3 Bg6) 18... Nd7 19. Qf4 Nxe5 20. Qxf5 (20. dxe5 Bg6 {and Black doesn't even have an inkling of a
problem.}) 20... Ng6 21. Bh5 Re4 {[%emt 0:10:
29] Black already has a good position. But now White has to decide whether he
would like to play Rcd1 and defend d4, which would give Black time to bring
his a7 rook into the game with b6; or, as in the game, he plays Rfe1,
sacrificing a pawn in order to play against the trapped rook on a7. Radoslaw
chose the latter. It was a very double-edged decision by him.'} 22. Rfe1 $5 (22. Rcd1 {was safer}) 22... Rxd4 {[%emt 0:00:58][%csl Ra7]
The question is can White take advantage of the Ra7 now?'} 23. Bxg6 hxg6 24. Qe5 Ra4 (
24... Rb4 $1) 25. Qe8+ (25. Qd6 Qxd6 26. cxd6 Ra8 27. Re7 Rd8
28. Rxb7 Rxd6 {White should be able to hold this ending.}) 25... Qxe8 26. Rxe8+ {[%emt 0:00:06] once again the rook on a7 has nowhere to go
but black plays well with his remaining pieces, while the rook always keeps
threatening to come back into the game.'} Kh7 27. a3 Rf4 28. g3 Rf6 29.
a4 a5 30. Rb8 $6 {[%emt 0:01:09] White gives
the opponent the open e-file.'} (30. Re7 {would have made quite some sense.} g5
31. Rce1 $1 Kg6 32. Rd7 {with the idea of doubling on the seventh rank would
give White excellent counterplay}) 30... Re6 31. h4 g5 $1 {[%emt 0:03:05] Eljanov plays really well in this endgame, even
though he is almost a rook down!'} 32. hxg5 Kg6 33. Kg2 (33. f4 Re2 $15) 33... Re4 34.
b3 Kxg5 35. Rc3 f6 36. Rf3 Re7 37. Re3 Rd7 38. Kf3 d4 39. Rd3 Rd5 {[%emt 0:01:10] Though Black is playing a rook less, we
must not forget the fact that White too must always keep his rook on b8 so
that the black rook remains passive. Doesn't that mean even the white rook is
doing nothing much?!'} 40. Rc8 Rxc5 41. Rxd4 b5 $1 {[%emt 0:04:37] Like a man rising from the dead, the a7
rook is back! And I feel Eljanov must have been so happy and Wojtaszek so
depressed that Black won the endgame without problems.'} 42. Kg2 b4 43. Rd6 Kf5 44.
Rdxc6 Rxc6 45. Rxc6 Ke4 $15
{[%emt 0:00:04][%csl Rb3,Ge4,Rg2] Material equality has been established, but
the black king is now very active.'} 46. Rc4+ Kd3 47. f4 $6 Re7 $36 48. Rc5 Re3 49. Kh3 Kd4 50. Rxa5 Re7 $1 {[%emt 0:00:08][%csl Rb3][%cal Gd4c3]
Wonderful controlled play by Eljanov. The black king can go to c3, but before
that Black defends his second rank and prevents counterplay'} 51. Rb5 Kc3 52. a5 Ra7 53.
f5 Kxb3 54. a6 Rxa6 55. Rb7 Ka3 56. Rxg7 b3 57. Rb7 b2 58. g4 Ra4 59. Z0 {A very nice game played
by both the players. Wojtaszek was quite ambitious and hence made the move
Rfe1 to play against Ra7. However Eljanov always kept things under control.
Once Eljanov played 41...b5! it secured him a clear edge because his a7 rook
started to breathe fresh air! The endgame technique of Pavel Eljanov was quite
exquisite!} (59. Rxb2 Kxb2 60. Kh4 Kc3 61. Kh5 Kd4 62. Kg6 Ke5 $19) 0-1